 Dungeon Crawl Stone Soup version 0.30-a0-779-g7971cf19c3 (webtiles) character file.

Game seed: 3920646120666977978

746 Wobber the Changer (level 7, 0/43 HPs)
             Began as an Octopode Transmuter on Feb 17, 2023.
             Slain by an orc wizard
             ... wielding a +0 dagger
              (3 damage)
             ... on level 4 of the Dungeon.
             The game lasted 00:14:12 (3841 turns).

Wobber the Changer (Octopode Transmuter)            Turns: 3841, Time: 00:14:13

Health: 0/43       AC:  1    Str: 15    XL:     7   Next: 77%
Magic:  12/12      EV: 13    Int: 18    God:
Gold:   93         SH:  0    Dex: 18    Spells: 6/13 levels left

rFire   . . .      SeeInvis .      - Unarmed
rCold   + . .      Faith    .    (no shield)
rNeg    . . .      Spirit   .    (helmet currently unavailable)
rPois   .          Reflect  .    h - amulet of the acrobat
rElec   .          Harm     .    f - ring of protection from cold
rCorr   .          Rampage  .    i - +6 ring of strength
Will    .....                    m - +6 ring of dexterity
Stlth   +++                      q - ring of flight
HPRegen 0.27/turn                (no ring)
MPRegen 0.13/turn                (no ring)
                                 (no ring)
                                 (no ring)

@: appendages (expiring), flying
A: tentacle spike 3, almost no armour, amphibious, 8 rings, camouflage 1,
gelatinous body 1, (nimble swimmer 1), tentacles
a: End Transformation


You were on level 4 of the Dungeon.
One of your tentacles had grown a beastly spike.
You visited 1 branch of the dungeon, and saw 6 of its levels.

You collected 148 gold pieces.
You spent 55 gold pieces at shops.

Inventory:

Hand Weapons
 b - a +0 sling
Missiles
 e - 13 poisoned darts
 j - 33 stones
Jewellery
 f - a ring of protection from cold (left tentacle)
 h - an amulet of the acrobat (around mantle)
 i - a +6 ring of strength (right tentacle)
 m - a +6 ring of dexterity (on tentacle)
 q - a ring of flight (on tentacle)
Wands
 r - a wand of quicksilver (7)
Scrolls
 g - a scroll of torment {unknown}
 n - a scroll of blinking {unknown}
 p - a scroll of silence {unknown}
Potions
 a - a potion of lignification
 c - a potion of curing {unknown}
 d - a potion of attraction
 k - 2 potions of degeneration {unknown}
 l - 3 potions of flight
 o - 3 potions of haste


   Skills:
 + Level 1.4 Fighting
 + Level 2.2 Dodging
 - Level 3.0 Unarmed Combat
 + Level 3.9 Spellcasting
 * Level 5.4 Transmutations
 * Level 4.8 Ice Magic


You had 6 spell levels left.
You knew the following spells:

 Your Spells              Type           Power      Damage    Failure   Level
a - Beastly Appendage     Tmut           46%        N/A       1%          1
b - Wereblood             Tmut           23%        N/A       2%          2
c - Ice Form              Ice/Tmut       22%        N/A       19%         4

Your spell library contained the following spells:

 Spells                   Type           Power      Damage    Failure   Level
 Spider Form              Tmut/Pois      13%        N/A       14%         3
 Apportation              Tloc           6%         N/A       16%         1
 Alistair's Intoxication  Tmut/Pois      8%         N/A       80%         5


Dungeon Overview and Level Annotations

Branches:
Dungeon (6/15)
 Temple: D:4-7

Altars:
Okawaru
Qazlal

Shops:
D:2 [!


Innate Abilities, Weirdness & Mutations

One of your tentacles has grown a beastly spike.
You cannot wear most types of armour.
You are amphibious.
You can wear up to eight rings at the same time.
Your skin changes colour to match your surroundings (Stealth+).
Your rubbery body absorbs attacks. (AC +1, EV +1)
((You are camouflaged when in or above water. (Stealth+)))
You have tentacles for arms and can constrict up to eight enemies at once.


Message History

The orc hits you with a +0 mace. Something hits you. The orc misses you.
The orc attacks as you move away! The orc closely misses you.
The orc attacks as you move away! The orc closely misses you.
Your transformation is almost over.
You tentacle-slap the orc but do no damage.
Your tentacle spike misses the orc.
You squeeze the orc.
The orc is heavily wounded.
You closely miss the orc.
You pierce the orc.
You kill the orc!
Something hits you. The orc barely misses you.
You barely miss the orc.
Your tentacle spike misses the orc.
You feel less confused. The orc hits you with a +0 whip.
* * * LOW HITPOINT WARNING * * *
Something hits you.
* * * LOW HITPOINT WARNING * * *
You tentacle-slap the orc. You grab the orc. Your squeeze misses the orc.
The orc is severely wounded.
You constrict the orc.
You kill the orc!
Something hits you.
* * * LOW HITPOINT WARNING * * *
Okay, then.
Okay, then.
An orc wizard appears from thin air!
Reactivating autopickup.
The orc wizard hits you with a +0 dagger.
* * * LOW HITPOINT WARNING * * *
Things that are here:
a +0 whip; an orc corpse
Press: ? - help, v - describe, . - travel
Here: an orc wizard, wielding a +0 dagger and wearing a +0 robe (lightly wounded)
The floor.
Aiming: Quicksilver Bolt
Press: ? - help, Shift-Dir - straight line, f - orc wizard
Aim: an orc wizard, wielding a +0 dagger and wearing a +0 robe (lightly wounded, 64% to hit)
The bolt of dispelling energy hits the orc wizard!
The orc wizard is severely wounded.
The orc wizard hits you with a +0 dagger.
You die...

..).... ..).. .o. ## ###### #.#
.. #....# #######.# .
#....####.......######### #
#....##.....))..........####
#....##.....................
######....##...)@................
.....'....##....o................
######....##.....................
#...###............รท........
#...# #.............####)...
#...# #.............# #.... #...#
#.......[.....# #.... #...#
###'########### #.... #...#
#.##################


You could see an orc wizard.

Vanquished Creatures
  2 black bears
  An ogre (D:3)
  A kobold brigand (D:6)
  A scorpion (D:5)
  2 hounds
  An orc priest (D:4)
  4 iguanas
  4 gnolls
  4 adders
  An ufetubus (D:5)
  A worm (D:2)
  A dart slug (D:1)
  6 orcs
  5 ball pythons
  12 endoplasms
  13 giant cockroaches
  2 goblins (D:1)
  3 hobgoblins (D:2)
  4 jackals (D:5)
  2 quokkas (D:2)
  4 bats
  A frilled lizard (D:2)
  9 kobolds
  6 rats
90 creatures vanquished.

Notes
Turn   | Place    | Note
-------+----------+-------------------------------------------
     0 | D:1      | Wobber the Octopode Transmuter began the quest for the Orb.
     0 | D:1      | Reached XP level 1. HP: 13/13 MP: 3/3
   182 | D:1      | Reached XP level 2. HP: 18/18 MP: 5/5
   185 | D:1      | Learned a level 2 spell: Wereblood
   296 | D:1      | Reached skill level 1 in Ice Magic
   585 | D:1      | Reached XP level 3. HP: 17/23 MP: 4/6
  1249 | D:2      | Found Honefao's Distillery.
  1255 | D:2      | Bought a potion of heal wounds for 55 gold pieces
  1308 | D:2      | Reached XP level 4. HP: 28/28 MP: 4/8
  1317 | D:2      | Reached skill level 3 in Transmutations
  1447 | D:2      | Found Otheosat's Antique Armour Shoppe.
  1803 | D:2      | Learned a level 4 spell: Ice Form
  2151 | D:3      | Noticed an ogre
  2160 | D:3      | Killed an ogre
  2161 | D:3      | Reached XP level 5. HP: 33/33 MP: 5/9
  2650 | D:3      | You fall into a shaft and drop 3 floors!
  2689 | D:6      | Noticed a black bear
  2713 | D:6      | Killed a black bear
  2714 | D:6      | Reached skill level 4 in Transmutations
  2714 | D:6      | Reached XP level 6. HP: 13/38 MP: 8/10
  2882 | D:6      | Noticed a water moccasin
  2959 | D:6      | Found a stormy altar of Qazlal.
  2982 | D:6      | Reached XP level 7. HP: 24/43 MP: 9/12
  3064 | D:5      | Entered Level 5 of the Dungeon
  3072 | D:5      | Reached skill level 5 in Transmutations
  3228 | D:5      | Found an iron altar of Okawaru.
  3841 | D:4      | Slain by an orc wizard

Illustrated notes

Levels and vault maps discovered:
D:1:      mrwooster_arrival_arrow, layout_loops_ring
D:2:      minmay_roachtagon, layout_loops_ring, serial_shops, shop_statue,
          nicolae_shop_trees, minivault_19
D:3:      layout_loops_ring, roderic_lattice_a
D:4:      layout_basic, serial_shops, shop, lightli_ossuary_entry_decrepit_ruins
D:5:      layout_cave_pods, trog_wizard, okawaru_trees_1,
          lemuel_zombie_altar_yredelemnul, minmay_temple_entry_hall
D:6:      black_bear_nest_1, layout_rooms, nicolae_qazlal_scattered_showers,
          demons_altar, minmay_misc_feat_hallway

Skill      XL: |  1  2  3  4  5  6  7 |
---------------+----------------------+-----
Ice Magic      | 1 2 3 4 |  4.8
Transmutations | 3 4 5 |  5.4
Spellcasting   | 3 |  3.9
Fighting       | |  1.4
Dodging        | |  2.2
Unarmed Combat | |  3.0

Action                     |  1- 3 |  4- 6 |  7- 9 || total
---------------------------+-------+-------+-------++-------
  Melee: Unarmed           |    62 |    64 |    49 ||   175
         Constrict         |    18 |    15 |    10 ||    43
         Kick              |    14 |    22 |    17 ||    53
         Tentacles         |    10 |    16 |    14 ||    40
         Punch             |     1 |       |     1 ||     2
   Fire: Sling             |    44 |    24 |    13 ||    81
   Cast: Beastly Appendage |    16 |    16 |    12 ||    44
         Wereblood         |     3 |     4 |     1 ||     8
  Evoke: Wand              |       |       |     1 ||     1
    Use: Scroll            |     3 |       |     2 ||     5
         Potion            |       |     1 |     1 ||     2
   Stab: Sleeping          |       |     1 |     2 ||     3
 Armour: Skin              |    13 |     2 |     2 ||    17
  Dodge: Dodged            |    60 |    32 |    31 ||   123

Table legend: (Time is in decaauts)
 A = Elapsed time spent in this place.
 B = Non-inter-level travel time spent in this place.
 C = Inter-level travel time spent in this place.
 D = Time resting spent in this place.
 E = Time spent auto-exploring this place.
 F = Levels seen in this place.
 G = Mean time per level.
                   A        B        C        D        E       F      G
               +--------+--------+--------+--------+--------+-----+--------+
         Total |   3834 |   3715 |    119 |    456 |   2105 |   6 |  639.0 |
       Dungeon |   3834 |   3715 |    119 |    456 |   2105 |   6 |  639.0 |
               +--------+--------+--------+--------+--------+-----+--------+

Top non-repeatable levels by time:
     D:1: 978 daAuts
     D:2: 887 daAuts
     D:3: 785 daAuts
     D:5: 482 daAuts
     D:6: 410 daAuts
     D:4: 291 daAuts
